 Dungeon Crawl Stone Soup version 0.31-a0-430-gf8416d752b (webtiles) character file.

Game seed: 13094737069427509351

9 Ethylacetat the Ruffian (level 1, 0/16 HPs)
             Began as a Demigod Shapeshifter on July 31, 2023.
             Slain by a kobold
             ... wielding a +1 dagger of flaming
              (2 damage)
             ... on level 1 of the Dungeon.
             The game lasted 00:00:25 (137 turns).

Ethylacetat the Ruffian (Demigod Shapeshifter)       Turns: 137, Time: 00:00:25

Health: 0/16       AC:  2    Str: 16    XL:     1   Next: 86%
Magic:  3/3        EV: 12    Int: 10    God:
Gold:   13         SH:  0    Dex: 14    Spells: 0/0 levels left

rFire   . .          .
                       - Unarmed
rCold   . . .        (no shield)
rNeg    . . .        a - +0 animal skin
rPois   .            (helmet currently unavailable)
rElec   .            (cloak currently unavailable)
rCorr   .            (gloves currently unavailable)
SInv    .            (boots currently unavailable)
Will    .....        (no amulet)
Stlth   +            (no ring)
HPRegen 0.22/turn    (no ring)
MPRegen 0.08/turn

%: no passive effects
@: beast-form
A: beast (slay +1), high MP 1, forlorn, divine attributes
a: Begin Untransformation


You were on level 1 of the Dungeon.
You were a hulking beast.
You visited 1 branch of the dungeon, and saw 1 of its levels.

You collected 13 gold pieces.

Inventory:

Armour
 a - a +0 animal skin (worn)
Talismans
 c - a beast talisman (active)
Potions
 b - a potion of lignification
 d - a potion of curing {unknown}


   Skills:
 + Level 1.1 Fighting
 + Level 2.0 Dodging
 + Level 2.8 Unarmed Combat
 + Level 2.8 Shapeshifting


You couldn't memorise any spells.
You didn't know any spells.
Your spell library was empty.

Dungeon Overview and Level Annotations

Branches:
Dungeon (1/15)


Innate Abilities, Weirdness & Mutations

You are a hulking beast.
Your limbs bulge with bestial killing power. (Slay +1)
You have an increased reservoir of magic. (+10% MP)
You shall have no god before yourself.
Your divine heritage dramatically boosts your attributes as you level up.


Message History

You hit the hobgoblin.
You kill the hobgoblin!
A kobold comes into view. It is wielding a +1 dagger of flaming.
The endoplasm closely misses you.
You hit the endoplasm.
The endoplasm is almost dead.
The endoplasm barely misses you. The kobold closely misses you.
You hit the endoplasm.
You kill the endoplasm!
The kobold barely misses you.
You hit the kobold.
The kobold is moderately wounded.
The kobold hits you but does no damage.
You closely miss the kobold.
The kobold is moderately wounded.
You hit the kobold but do no damage.
The kobold is moderately wounded.
The endoplasm freezes you.
You are frozen.
The kobold hits you but does no damage.
You hit the kobold.
The kobold is severely wounded.
The endoplasm barely misses you. The kobold hits you with a +0 dagger.
* * * LOW HITPOINT WARNING * * *
The kobold closely misses you.
You hit the kobold.
You kill the kobold!
The kobold hits you but does no damage. The endoplasm closely misses you.
You hit the endoplasm but do no damage. The endoplasm barely misses you.
The kobold hits you but does no damage.
You hit the endoplasm.
You kill the endoplasm!
The kobold hits you with a +1 dagger of flaming.
* * * LOW HITPOINT WARNING * * *
The kobold burns you.
* * * LOW HITPOINT WARNING * * *
Your Dodging skill increases to level 2!
You hit the kobold.
The kobold is severely wounded.
The kobold hits you with a +1 dagger of flaming.
You die...

#........ #....
#####.... #.#.#+#
#.###....
##.#.#.###.....###
.................
#.#.#.###.###.###
###.#.#.###.# #.#
...###K..........#
#.###
......)h.?.......#
#....
........#####....#
#####
........#?!!#....#
#
........#(!?#....#
#
..###...#)[[#....#
# . #...#####....#
# #............# #
#............# #
####.......# #


You could see a kobold.

Vanquished Creatures
  A bat (D:1)
  2 endoplasms (D:1)
  A hobgoblin (D:1)
  A frilled lizard (D:1)
  3 kobolds (D:1)
8 creatures vanquished.

Notes
Turn   | Place    | Note
-------+----------+-------------------------------------------
     0 | D:1      | Ethylacetat the Demigod Shapeshifter began the quest for
                  | the Orb.
     0 | D:1      | Reached XP level 1. HP: 15/15 MP: 3/3
    33 | D:1      | Reached skill level 1 in Fighting
   137 | D:1      | Slain by a kobold

Illustrated notes

Levels and vault maps discovered:
D:1:      minmay_arrival_up_and_down, layout_basic, serial_shops, shop,
          due_unseen_surprise

Skill      XL: |  1 |
---------------+----+-----
Fighting       | 1 |  1.1
Dodging        | 2 |  2.0
Unarmed Combat | |  2.8
Shapeshifting  | |  2.8

Action                     || total
---------------------------++-------
  Melee: Unarmed           ||    25
         Punch             ||     1
 Armour: Animal skin       ||     6
  Dodge: Dodged            ||    21

Table legend: (Time is in decaauts)
 A = Elapsed time spent in this place.
 B = Non-inter-level travel time spent in this place.
 C = Inter-level travel time spent in this place.
 D = Time resting spent in this place.
 E = Time spent auto-exploring this place.
 F = Levels seen in this place.
 G = Mean time per level.
                   A        B        C        D        E       F      G
               +--------+--------+--------+--------+--------+-----+--------+
         Total |    135 |    135 |      0 |      0 |     98 |   1 |  135.0 |
       Dungeon |    135 |    135 |      0 |      0 |     98 |   1 |  135.0 |
               +--------+--------+--------+--------+--------+-----+--------+

Top non-repeatable levels by time:
     D:1: 135 daAuts
